Wild vs Lightning

Created - April 1, 2015 at 21:05

Goals
1 2 3 T
Wild 0 1 1 2
Lightning 1 0 3 4
Shots
1 2 3 T
Wild 11 12 13 36
Lightning 12 7 11 30

1st period

1. Lightning , Patrick Kane 37 (Henrik Sedin, Andrej Sekera) at 0:43

Penalties :
Erik Gudbranson (TBL) for Interference (Minor) at 12:34, Fedor Tyutin (MIN) for High sticking (Minor) at 16:59

2nd period

2. Wild , Fedor Tyutin 9 (Mark Streit, Mikko Koivu) at 14:10 (PP)

Penalties :
Brent Seabrook (TBL) for Goalie Interference (Minor) at 7:33, Luca Sbisa (TBL) for Hooking (Minor) at 13:08, Fedor Tyutin (MIN) for Holding (Minor) at 17:24

3rd period

3. Lightning , Nick Spaling 9 (Troy Brouwer, Travis Zajac) at 1:20
4. Wild , Erik Cole 11 (Rob Scuderi, Michael Stone) at 15:03
5. Lightning , Travis Zajac 28 (Andre Benoit, Erik Gudbranson) at 15:19
6. Lightning , Andrej Meszaros 11 (Maxime Talbot, Cam Atkinson) at 16:46

Penalties :
Jesse Winchester (MIN) for Hooking (Minor) at 5:52, Curtis Glencross (TBL) for Interference (Minor) at 9:16, Michael Stone (MIN) for Interference (Minor) at 9:16, Erik Gudbranson (TBL) for High sticking (Minor) at 17:25

Goalie Stats

Josh Harding (MIN), 26 saves from 30 shots - (0.867), L, 22-36-3, 60:00 minutes
Jaroslav Halak (TBL), 34 saves from 36 shots - (0.944), W, 33-24-0, 60:00 minutes

Players Stats for Wild

Player Name              G  A  P  +/- PIM S  H  SB GA TA FO     MP     PP MP  PK MP  
------------------------------------------------------------------------------------
Adam Hall                0  0  0   0  0   0  0  0  0  0  2/3     3:11   0:00   0:22 
Chris Conner             0  0  0   1  0   0  0  0  0  0  1/2    13:33   0:00   0:00 
Daniel Alfredsson        0  0  0  -2  0   1  3  0  0  0  0/2    25:02   3:42   3:28 
Dennis Wideman           0  0  0  -1  0   4  1  2  0  0  0/0    15:52   1:59   1:48 
Erik Cole                1  0  1   1  0   1  1  0  0  0  0/0    13:33   0:00   0:00 
Fedor Tyutin             1  0  1  -2  4   4  0  0  0  0  0/0    22:23   3:59   0:52 
Jesse Winchester         0  0  0  -2  2   1  1  0  0  0  15/28  17:53   3:17   0:00 
Marian Gaborik           0  0  0  -2  0   4  0  0  0  0  1/2    20:57   3:42   2:07 
Mark Streit              0  1  1  -2  0   0  0  0  0  0  0/0    24:50   3:59   3:10 
Michael Ryder            0  0  0  -2  0   3  0  0  0  0  0/3    17:54   3:17   0:00 
Michael Stone            0  1  1   0  2   6  1  0  0  0  0/0    20:10   3:00   2:47 
Mikko Koivu              0  1  1  -2  0   4  3  0  0  0  21/41  25:24   3:42   3:50 
Milan Michalek           0  0  0  -2  0   4  1  0  0  0  2/3    21:03   3:17   2:07 
Olli Maatta              0  0  0  -1  0   0  0  1  0  0  0/0    11:37   1:01   0:00 
Pierre-Marc Bouchard     0  0  0   1  0   3  0  0  0  0  6/13   13:33   0:00   0:00 
Rob Scuderi              0  1  1   1  0   1  2  3  0  0  0/0     7:06   0:00   0:17 
Rostislav Klesla         0  0  0  -1  0   0  3  2  0  0  0/0    13:18   0:00   3:00 
Zach Redmond             0  0  0   0  0   0  0  1  0  0  0/0     4:41   0:00   0:00 

Players Stats for Lightning

Player Name              G  A  P  +/- PIM S  H  SB GA TA FO     MP     PP MP  PK MP  
------------------------------------------------------------------------------------
Andre Benoit             0  1  1   2  0   1  0  0  0  0  0/0    20:57   0:00   2:47 
Andrej Meszaros          1  0  1   0  0   1  1  1  0  0  0/0    15:17   2:45   1:18 
Andrej Sekera            0  1  1   1  0   1  0  4  0  0  0/0    25:10   3:12   4:18 
Brent Seabrook           0  0  0   1  2   0  2  1  0  0  0/0    23:45   3:12   2:54 
Cam Atkinson             0  1  1   0  0   1  0  0  0  0  0/1    10:06   0:00   0:00 
Curtis Glencross         0  0  0   1  2   2  4  1  0  0  3/4    20:58   2:55   0:00 
Eric Fehr                0  0  0   0  0   0  0  0  0  0  0/0     5:11   0:00   0:00 
Erik Gudbranson          0  1  1   2  4   1  4  1  0  0  0/0    16:26   2:45   0:00 
Henrik Sedin             0  1  1   1  0   4  0  0  0  0  10/26  22:45   2:55   0:00 
Jason Chimera            0  0  0   0  0   0  2  0  0  0  0/0     5:11   0:00   0:00 
Luca Sbisa               0  0  0   0  2   0  0  0  0  0  0/0     5:27   0:00   0:00 
Maxime Talbot            0  1  1   0  0   0  2  0  0  0  5/12   16:21   0:00   5:17 
Nick Spaling             1  0  1   2  0   2  0  0  0  0  7/13   20:54   3:02   1:42 
Patrick Kane             1  0  1   1  0   8  1  0  0  0  2/2    21:57   2:55   0:00 
Scott Hannan             0  0  0   0  0   0  0  1  0  0  0/0    12:54   0:00   2:41 
Teddy Purcell            0  0  0   0  0   2  0  0  0  0  0/0    10:06   0:00   0:00 
Travis Zajac             1  1  2   2  0   7  0  1  0  0  20/37  20:03   3:02   5:17 
Troy Brouwer             0  1  1   2  0   0  8  1  0  0  2/2    17:29   3:02   1:42 

3 Stars

1 - Troy Brouwer (TBL)
2 - Travis Zajac (TBL)
3 - Nick Spaling (TBL)

Power Play

Wild - 1 on 4 Attempt(s) - 25.00%
Lightning - 0 on 3 Attempt(s) - 0.00%

Penalty Kill

Wild - 3 on 3 Attempt(s) - 100.00% - Score 0 goal in Penalty Kill
Lightning - 3 on 4 Attempt(s) - 75.00% - Score 0 goal in Penalty Kill

Team Stat

Wild - Hits : 16 - Faceoff Wins : 48 - Blocked Shots : 9 - Penalty Minutes : 8
Lightning - Hits : 24 - Faceoff Wins : 49 - Blocked Shots : 11 - Penalty Minutes : 10

Official

Referees : Mark Lemelin and Stephen Walkom
Linesman : Don Henderson and Scott Cherrey

Game Notes

Dennis Wideman is injured at 6:00 of 3rd period (Bruised Left Leg)

Finance

Level 1 -- Attendance: 4548 (69.97%) -- Ticket Income $500,280
Level 2 -- Attendance: 3587 (71.74%) -- Ticket Income $340,765
Level 3 -- Attendance: 1910 (54.57%) -- Ticket Income $143,250
Level 4 -- Attendance: 2034 (54.12%) -- Ticket Income $91,530
Luxury Box -- Attendance: 489 (48.90%) -- Ticket Income $176,040
Game was played at the Tampa Bay Times Forum'
Total Attendance: 12568 (63.61%)
Total Ticket Income: $1,251,865
Other Income: $187,780
Total Income: $1,439,645

% Time on Ice - Wild

Lines # - Real PCT - Wanted PCT - Time Play
Normal Forward
1 - 31% - 40% - 14:06
2 - 32% - 30% - 14:37
3 - 30% - 20% - 13:33
4 - 6% - 10% - 2:49
Normal Defense
1 - 37% - 40% - 16:44
2 - 32% - 30% - 14:24
3 - 21% - 20% - 9:16
4 - 10% - 10% - 4:41
PP Forward
1 - 53% - 60% - 3:42
2 - 47% - 40% - 3:17
PP Defense
1 - 57% - 60% - 3:59
2 - 43% - 40% - 3:00
PK Forward
1 - 64% - 60% - 3:50
2 - 36% - 40% - 2:07
PK Defense
1 - 53% - 60% - 3:10
2 - 47% - 40% - 2:47
PK3 Forward
1 - 0% - 60%
2 - 0% - 40%
PK3 Defense
1 - 0% - 60%
2 - 0% - 40%
44 Forward
1 - 48% - 60% - 0:57
2 - 52% - 40% - 1:02
44 Defense
1 - 42% - 60% - 0:50
2 - 58% - 40% - 1:09
Last Minute Offensive  - 0:00
Last Minute Defensive  - 0:00
Total
Forward - 60:00
Defense - 60:00

% Time on Ice - Lightning

Lines # - Real PCT - Wanted PCT - Time Play
Normal Forward
1 - 40% - 40% - 18:04
2 - 26% - 30% - 11:44
3 - 22% - 20% - 10:06
4 - 11% - 10% - 5:11
Normal Defense
1 - 37% - 40% - 16:42
2 - 28% - 30% - 12:42
3 - 23% - 20% - 10:13
4 - 12% - 10% - 5:28
PP Forward
1 - 49% - 60% - 2:55
2 - 51% - 40% - 3:02
PP Defense
1 - 54% - 60% - 3:12
2 - 46% - 40% - 2:45
PK Forward
1 - 76% - 60% - 5:17
2 - 24% - 40% - 1:42
PK Defense
1 - 62% - 60% - 4:18
2 - 38% - 40% - 2:41
PK3 Forward
1 - 0% - 60%
2 - 0% - 40%
PK3 Defense
1 - 0% - 60%
2 - 0% - 40%
44 Forward
1 - 49% - 60% - 0:58
2 - 51% - 40% - 1:01
44 Defense
1 - 49% - 60% - 0:58
2 - 51% - 40% - 1:01
Last Minute Offensive  - 0:00
Last Minute Defensive  - 0:00
Total
Forward - 60:00
Defense - 60:00

Play by Play

1st period


0:01 of 1st period - Mikko Koivu wins face-off versus Henrik Sedin in neutral zone.
0:01 of 1st period - Mikko Koivu is hit by Curtis Glencross.
0:13 of 1st period - Shot by Mikko Koivu.
0:13 of 1st period - Shot Blocked by Brent Seabrook.
0:18 of 1st period - Brent Seabrook is hit by Daniel Alfredsson and loses puck.
0:41 of 1st period - Shot by Henrik Sedin.
0:41 of 1st period - Shot Hit the Post.
0:43 of 1st period - Shot by Patrick Kane.
0:43 of 1st period - Goal by Patrick Kane - Wild : 0 - Lightning : 1.
0:44 of 1st period - Jesse Winchester wins face-off versus Travis Zajac in neutral zone.
0:44 of 1st period - Jesse Winchester is hit by Troy Brouwer.
1:18 of 1st period - Shot by Troy Brouwer.
1:18 of 1st period - Shot Misses the Net.
3:22 of 1st period - Shot by Mikko Koivu.
3:22 of 1st period - Shot Blocked by Andrej Sekera.
3:36 of 1st period - Shot by Mikko Koivu.
3:36 of 1st period - Deflect By Marian Gaborik.
3:36 of 1st period - Stopped by Jaroslav Halak without a rebound.
3:37 of 1st period - Pierre-Marc Bouchard wins face-off versus Nick Spaling in Lightning zone.
3:40 of 1st period - Shot by Zach Redmond.
3:40 of 1st period - Deflect By Pierre-Marc Bouchard.
3:40 of 1st period - Stopped by Jaroslav Halak without a rebound.
3:41 of 1st period - Nick Spaling wins face-off versus Pierre-Marc Bouchard in Lightning zone.
3:41 of 1st period - Luca Sbisa is hit by Erik Cole and loses puck.
3:55 of 1st period - Off-side.
3:56 of 1st period - Maxime Talbot wins face-off versus Jesse Winchester in neutral zone.
4:19 of 1st period - Shot by Milan Michalek.
4:19 of 1st period - Shot Misses the Net.
4:49 of 1st period - Shot by Daniel Alfredsson.
4:49 of 1st period - Stopped by Jaroslav Halak without a rebound.
4:50 of 1st period - Travis Zajac wins face-off versus Mikko Koivu in Lightning zone.
5:07 of 1st period - Mikko Koivu is hit by Erik Gudbranson and loses puck.
5:37 of 1st period - Icing by Andre Benoit.
5:38 of 1st period - Travis Zajac wins face-off versus Pierre-Marc Bouchard in Lightning zone.
5:53 of 1st period - Shot by Michael Stone.
5:53 of 1st period - Shot Misses the Net.
5:55 of 1st period - Shot by Pierre-Marc Bouchard.
5:55 of 1st period - Shot Misses the Net.
6:15 of 1st period - Shot by Michael Stone.
6:15 of 1st period - Shot Blocked by Erik Gudbranson.
6:38 of 1st period - Shot by Jesse Winchester.
6:38 of 1st period - Deflect By Michael Ryder.
6:38 of 1st period - Shot Misses the Net.
6:47 of 1st period - Erik Gudbranson is hit by Rob Scuderi and loses puck.
6:53 of 1st period - Icing by Michael Ryder.
6:54 of 1st period - Henrik Sedin wins face-off versus Jesse Winchester in Wild zone.
6:57 of 1st period - Shot by Patrick Kane.
6:57 of 1st period - Stopped by Josh Harding without a rebound.
6:58 of 1st period - Adam Hall wins face-off versus Henrik Sedin in Wild zone.
7:41 of 1st period - Mark Streit is hit by Curtis Glencross.
7:42 of 1st period - Icing by Mark Streit.
7:43 of 1st period - Maxime Talbot wins face-off versus Adam Hall in Wild zone.
8:22 of 1st period - Shot by Cam Atkinson.
8:22 of 1st period - Deflect By Maxime Talbot.
8:22 of 1st period - Shot Blocked by Dennis Wideman.
9:02 of 1st period - Shot by Henrik Sedin.
9:02 of 1st period - Stopped by Josh Harding with a rebound.
9:08 of 1st period - Shot by Patrick Kane.
9:08 of 1st period - Shot Misses the Net.
10:17 of 1st period - Shot by Jesse Winchester.
10:17 of 1st period - Deflect By Michael Ryder.
10:17 of 1st period - Shot Misses the Net.
10:19 of 1st period - Shot by Michael Ryder.
10:19 of 1st period - Stopped by Jaroslav Halak without a rebound.
10:20 of 1st period - Maxime Talbot wins face-off versus Mikko Koivu in Lightning zone.
11:15 of 1st period - Shot by Patrick Kane.
11:15 of 1st period - Deflect By Curtis Glencross.
11:15 of 1st period - Stopped by Josh Harding without a rebound.
11:16 of 1st period - Travis Zajac wins face-off versus Jesse Winchester in Wild zone.
11:29 of 1st period - Shot by Travis Zajac.
11:29 of 1st period - Deflect By Nick Spaling.
11:29 of 1st period - Shot Misses the Net.
11:32 of 1st period - Icing by Rob Scuderi.
11:33 of 1st period - Jesse Winchester wins face-off versus Henrik Sedin in Wild zone.
12:03 of 1st period - Shot by Milan Michalek.
12:03 of 1st period - Stopped by Jaroslav Halak without a rebound.
12:04 of 1st period - Adam Hall wins face-off versus Travis Zajac in Lightning zone.
12:33 of 1st period - Shot by Mikko Koivu.
12:33 of 1st period - Stopped by Jaroslav Halak without a rebound.
12:34 of 1st period - Pierre-Marc Bouchard wins face-off versus Henrik Sedin in Lightning zone.
12:34 of 1st period - Minor Penalty to Erik Gudbranson for Interference.
12:35 of 1st period - Travis Zajac wins face-off versus Jesse Winchester in Lightning zone.
13:12 of 1st period - Shot by Michael Ryder.
13:12 of 1st period - Shot Misses the Net.
13:14 of 1st period - Shot by Mark Streit.
13:14 of 1st period - Shot Misses the Net.
13:43 of 1st period - Shot by Mikko Koivu.
13:43 of 1st period - Shot Misses the Net.
13:45 of 1st period - Shot by Mikko Koivu.
13:45 of 1st period - Shot Blocked by Andrej Sekera.
13:51 of 1st period - Shot by Dennis Wideman.
13:51 of 1st period - Shot Misses the Net.
13:53 of 1st period - Shot by Michael Stone.
13:53 of 1st period - Stopped by Jaroslav Halak without a rebound.
13:54 of 1st period - Mikko Koivu wins face-off versus Travis Zajac in Lightning zone.
14:01 of 1st period - Shot by Fedor Tyutin.
14:01 of 1st period - Deflect By Marian Gaborik.
14:01 of 1st period - Stopped by Jaroslav Halak without a rebound.
14:02 of 1st period - Travis Zajac wins face-off versus Michael Ryder in Lightning zone.
14:23 of 1st period - Shot by Michael Stone.
14:23 of 1st period - Stopped by Jaroslav Halak without a rebound.
14:24 of 1st period - Nick Spaling wins face-off versus Daniel Alfredsson in Lightning zone.
15:02 of 1st period - Icing by Erik Cole.
15:03 of 1st period - Nick Spaling wins face-off versus Pierre-Marc Bouchard in Wild zone.
15:14 of 1st period - Shot by Andrej Sekera.
15:14 of 1st period - Deflect By Nick Spaling.
15:14 of 1st period - Shot Misses the Net.
15:16 of 1st period - Shot by Nick Spaling.
15:16 of 1st period - Shot Blocked by Rostislav Klesla.
15:18 of 1st period - Shot by Andrej Sekera.
15:18 of 1st period - Stopped by Josh Harding without a rebound.
15:19 of 1st period - Henrik Sedin wins face-off versus Mikko Koivu in Wild zone.
15:50 of 1st period - Icing by Andrej Meszaros.
15:51 of 1st period - Jesse Winchester wins face-off versus Henrik Sedin in Lightning zone.
15:58 of 1st period - Shot by Milan Michalek.
15:58 of 1st period - Shot Misses the Net.
16:25 of 1st period - Shot by Michael Stone.
16:25 of 1st period - Shot Hit the Post.
16:27 of 1st period - Shot by Michael Stone.
16:27 of 1st period - Stopped by Jaroslav Halak without a rebound.
16:28 of 1st period - Mikko Koivu wins face-off versus Travis Zajac in Lightning zone.
16:39 of 1st period - Shot by Travis Zajac.
16:39 of 1st period - Stopped by Josh Harding without a rebound.
16:40 of 1st period - Maxime Talbot wins face-off versus Pierre-Marc Bouchard in Wild zone.
16:51 of 1st period - Shot by Teddy Purcell.
16:51 of 1st period - Stopped by Josh Harding without a rebound.
16:52 of 1st period - Travis Zajac wins face-off versus Mikko Koivu in Wild zone.
16:58 of 1st period - Icing by Mark Streit.
16:59 of 1st period - Travis Zajac wins face-off versus Mikko Koivu in Wild zone.
16:59 of 1st period - Minor Penalty to Fedor Tyutin for High sticking.
17:00 of 1st period - Henrik Sedin wins face-off versus Mikko Koivu in Wild zone.
17:41 of 1st period - Shot by Patrick Kane.
17:41 of 1st period - Stopped by Josh Harding without a rebound.
17:42 of 1st period - Mikko Koivu wins face-off versus Travis Zajac in Wild zone.
17:42 of 1st period - Daniel Alfredsson is hit by Troy Brouwer.
18:02 of 1st period - Shot by Travis Zajac.
18:02 of 1st period - Stopped by Josh Harding without a rebound.
18:03 of 1st period - Mikko Koivu wins face-off versus Henrik Sedin in Wild zone.
18:08 of 1st period - Shot by Michael Stone.
18:08 of 1st period - Stopped by Jaroslav Halak without a rebound.
18:09 of 1st period - Mikko Koivu wins face-off versus Travis Zajac in Lightning zone.
19:09 of 1st period - Shot by Patrick Kane.
19:09 of 1st period - Stopped by Josh Harding without a rebound.
19:10 of 1st period - Jesse Winchester wins face-off versus Maxime Talbot in Wild zone.
19:14 of 1st period - Off-side.
19:15 of 1st period - Henrik Sedin wins face-off versus Jesse Winchester in neutral zone.
19:21 of 1st period - Shot by Patrick Kane.
19:21 of 1st period - Stopped by Josh Harding without a rebound.
19:22 of 1st period - Patrick Kane wins face-off versus Mikko Koivu in Wild zone.
19:23 of 1st period - Shot by Henrik Sedin.
19:23 of 1st period - Stopped by Josh Harding without a rebound.
19:24 of 1st period - Mikko Koivu wins face-off versus Travis Zajac in Wild zone.
19:24 of 1st period - Mikko Koivu is hit by Troy Brouwer.
19:32 of 1st period - Brent Seabrook is hit by Daniel Alfredsson and loses puck.
Goals for this period are 0 for Wild vs 1 for Lightning.
Shots for this period are 11 for Wild vs 12 for Lightning.

2nd period


0:01 of 2nd period - Mikko Koivu wins face-off versus Henrik Sedin in neutral zone.
0:28 of 2nd period - Shot by Patrick Kane.
0:28 of 2nd period - Stopped by Josh Harding without a rebound.
0:29 of 2nd period - Travis Zajac wins face-off versus Michael Ryder in Wild zone.
0:29 of 2nd period - Travis Zajac is hit by Dennis Wideman.
1:34 of 2nd period - Icing by Erik Gudbranson.
1:35 of 2nd period - Mikko Koivu wins face-off versus Henrik Sedin in Lightning zone.
1:43 of 2nd period - Mikko Koivu is hit by Erik Gudbranson.
2:01 of 2nd period - Fedor Tyutin is hit by Curtis Glencross and loses puck.
4:17 of 2nd period - Shot by Nick Spaling.
4:17 of 2nd period - Shot Misses the Net.
4:55 of 2nd period - Andre Benoit is hit by Mikko Koivu and loses puck.
5:50 of 2nd period - Shot by Andrej Sekera.
5:50 of 2nd period - Shot Misses the Net.
6:02 of 2nd period - Mark Streit is hit by Troy Brouwer and loses puck.
6:56 of 2nd period - Olli Maatta is hit by Patrick Kane and loses puck.
7:12 of 2nd period - Icing by Erik Gudbranson.
7:13 of 2nd period - Jesse Winchester wins face-off versus Henrik Sedin in Lightning zone.
7:28 of 2nd period - Shot by Michael Stone.
7:28 of 2nd period - Stopped by Jaroslav Halak without a rebound.
7:29 of 2nd period - Jesse Winchester wins face-off versus Maxime Talbot in Lightning zone.
7:32 of 2nd period - Shot by Rob Scuderi.
7:32 of 2nd period - Stopped by Jaroslav Halak without a rebound.
7:33 of 2nd period - Jesse Winchester wins face-off versus Nick Spaling in Lightning zone.
7:33 of 2nd period - Minor Penalty to Brent Seabrook for Goalie Interference.
7:34 of 2nd period - Jesse Winchester wins face-off versus Travis Zajac in Lightning zone.
7:37 of 2nd period - Shot by Dennis Wideman.
7:37 of 2nd period - Stopped by Jaroslav Halak with a rebound.
7:39 of 2nd period - Shot by Michael Stone.
7:39 of 2nd period - Shot Misses the Net.
7:54 of 2nd period - Icing by Michael Stone.
7:55 of 2nd period - Jesse Winchester wins face-off versus Travis Zajac in Wild zone.
8:04 of 2nd period - Shot by Dennis Wideman.
8:04 of 2nd period - Stopped by Jaroslav Halak without a rebound.
8:05 of 2nd period - Mikko Koivu wins face-off versus Travis Zajac in Lightning zone.
8:44 of 2nd period - Shot by Travis Zajac.
8:44 of 2nd period - Stopped by Josh Harding with a rebound.
8:52 of 2nd period - Travis Zajac is hit by Mikko Koivu and loses puck.
9:09 of 2nd period - Shot by Dennis Wideman.
9:09 of 2nd period - Stopped by Jaroslav Halak without a rebound.
9:10 of 2nd period - Milan Michalek wins face-off versus Nick Spaling in Lightning zone.
9:12 of 2nd period - Michael Ryder is hit by Andrej Meszaros and loses puck.
9:29 of 2nd period - Shot by Michael Stone.
9:29 of 2nd period - Stopped by Jaroslav Halak without a rebound.
9:30 of 2nd period - Nick Spaling wins face-off versus Jesse Winchester in Lightning zone.
10:10 of 2nd period - Shot by Patrick Kane.
10:10 of 2nd period - Shot Misses the Net.
10:12 of 2nd period - Shot by Curtis Glencross.
10:12 of 2nd period - Shot Blocked by Zach Redmond.
10:23 of 2nd period - Icing by Rob Scuderi.
10:24 of 2nd period - Pierre-Marc Bouchard wins face-off versus Travis Zajac in Wild zone.
10:24 of 2nd period - Pierre-Marc Bouchard is hit by Troy Brouwer.
10:52 of 2nd period - Mark Streit is hit by Troy Brouwer and loses puck.
11:07 of 2nd period - Shot by Marian Gaborik.
11:07 of 2nd period - Stopped by Jaroslav Halak without a rebound.
11:08 of 2nd period - Maxime Talbot wins face-off versus Milan Michalek in Lightning zone.
12:09 of 2nd period - Shot by Curtis Glencross.
12:09 of 2nd period - Shot Misses the Net.
12:26 of 2nd period - Icing by Michael Stone.
12:27 of 2nd period - Troy Brouwer wins face-off versus Jesse Winchester in Wild zone.
12:41 of 2nd period - Icing by Michael Stone.
12:42 of 2nd period - Jesse Winchester wins face-off versus Nick Spaling in Wild zone.
12:42 of 2nd period - Dennis Wideman is hit by Jason Chimera and loses puck.
12:57 of 2nd period - Shot by Nick Spaling.
12:57 of 2nd period - Shot Misses the Net.
13:08 of 2nd period - Minor Penalty to Luca Sbisa for Hooking.
13:09 of 2nd period - Mikko Koivu wins face-off versus Travis Zajac in Lightning zone.
13:09 of 2nd period - Mikko Koivu is hit by Brent Seabrook.
13:33 of 2nd period - Shot by Fedor Tyutin.
13:33 of 2nd period - Stopped by Jaroslav Halak with a rebound.
13:35 of 2nd period - Shot by Mark Streit.
13:35 of 2nd period - Shot Blocked by Scott Hannan.
13:37 of 2nd period - Shot by Mikko Koivu.
13:37 of 2nd period - Shot Blocked by Travis Zajac.
13:39 of 2nd period - Shot by Fedor Tyutin.
13:39 of 2nd period - Shot Misses the Net.
13:41 of 2nd period - Shot by Fedor Tyutin.
13:41 of 2nd period - Stopped by Jaroslav Halak without a rebound.
13:42 of 2nd period - Travis Zajac wins face-off versus Mikko Koivu in Lightning zone.
14:06 of 2nd period - Shot by Mark Streit.
14:06 of 2nd period - Shot Misses the Net.
14:08 of 2nd period - Shot by Fedor Tyutin.
14:08 of 2nd period - Shot Blocked by Troy Brouwer.
14:10 of 2nd period - Shot by Fedor Tyutin.
14:10 of 2nd period - Goal by Fedor Tyutin - Wild : 1 - Lightning : 1.
14:11 of 2nd period - Henrik Sedin wins face-off versus Pierre-Marc Bouchard in neutral zone.
14:17 of 2nd period - Icing by Rostislav Klesla.
14:18 of 2nd period - Henrik Sedin wins face-off versus Pierre-Marc Bouchard in Wild zone.
14:57 of 2nd period - Erik Cole is hit by Erik Gudbranson and loses puck.
15:05 of 2nd period - Icing by Andre Benoit.
15:06 of 2nd period - Mikko Koivu wins face-off versus Henrik Sedin in Lightning zone.
15:58 of 2nd period - Shot by Troy Brouwer.
15:58 of 2nd period - Shot Misses the Net.
16:36 of 2nd period - Shot by Milan Michalek.
16:36 of 2nd period - Stopped by Jaroslav Halak with a rebound.
16:52 of 2nd period - Shot by Michael Ryder.
16:52 of 2nd period - Stopped by Jaroslav Halak without a rebound.
16:53 of 2nd period - Pierre-Marc Bouchard wins face-off versus Nick Spaling in Lightning zone.
17:05 of 2nd period - Off-side.
17:06 of 2nd period - Henrik Sedin wins face-off versus Chris Conner in neutral zone.
17:15 of 2nd period - Shot by Patrick Kane.
17:15 of 2nd period - Shot Blocked by Rob Scuderi.
17:19 of 2nd period - Shot by Patrick Kane.
17:19 of 2nd period - Stopped by Josh Harding without a rebound.
17:20 of 2nd period - Mikko Koivu wins face-off versus Maxime Talbot in Wild zone.
17:20 of 2nd period - Mikko Koivu is hit by Maxime Talbot.
17:24 of 2nd period - Minor Penalty to Fedor Tyutin for Holding.
17:25 of 2nd period - Henrik Sedin wins face-off versus Mikko Koivu in Wild zone.
18:06 of 2nd period - Shot by Henrik Sedin.
18:06 of 2nd period - Stopped by Josh Harding without a rebound.
18:07 of 2nd period - Travis Zajac wins face-off versus Mikko Koivu in Wild zone.
18:14 of 2nd period - Shot by Troy Brouwer.
18:14 of 2nd period - Shot Blocked by Rostislav Klesla.
18:16 of 2nd period - Shot by Troy Brouwer.
18:16 of 2nd period - Shot Misses the Net.
18:18 of 2nd period - Shot by Andrej Meszaros.
18:18 of 2nd period - Shot Misses the Net.
18:20 of 2nd period - Shot by Troy Brouwer.
18:20 of 2nd period - Deflect By Travis Zajac.
18:20 of 2nd period - Stopped by Josh Harding without a rebound.
18:21 of 2nd period - Travis Zajac wins face-off versus Marian Gaborik in Wild zone.
18:38 of 2nd period - Shot by Nick Spaling.
18:38 of 2nd period - Stopped by Josh Harding without a rebound.
18:39 of 2nd period - Patrick Kane wins face-off versus Mikko Koivu in Wild zone.
19:34 of 2nd period - Shot by Travis Zajac.
19:34 of 2nd period - Shot Misses the Net.
19:40 of 2nd period - Shot by Nick Spaling.
19:40 of 2nd period - Shot Misses the Net.
19:44 of 2nd period - Shot by Travis Zajac.
19:44 of 2nd period - Shot Misses the Net.
19:46 of 2nd period - Shot by Travis Zajac.
19:46 of 2nd period - Shot Misses the Net.
19:48 of 2nd period - Shot by Andre Benoit.
19:48 of 2nd period - Stopped by Josh Harding without a rebound.
19:49 of 2nd period - Jesse Winchester wins face-off versus Maxime Talbot in Wild zone.
Goals for this period are 1 for Wild vs 0 for Lightning.
Shots for this period are 12 for Wild vs 7 for Lightning.

3rd period


0:01 of 3rd period - Marian Gaborik wins face-off versus Curtis Glencross in neutral zone.
0:09 of 3rd period - Marian Gaborik is hit by Brent Seabrook and loses puck.
1:14 of 3rd period - Icing by Michael Stone.
1:15 of 3rd period - Travis Zajac wins face-off versus Jesse Winchester in Wild zone.
1:20 of 3rd period - Shot by Nick Spaling.
1:20 of 3rd period - Goal by Nick Spaling - Wild : 1 - Lightning : 2.
1:21 of 3rd period - Travis Zajac wins face-off versus Michael Ryder in neutral zone.
1:41 of 3rd period - Dennis Wideman is hit by Troy Brouwer and loses puck.
1:50 of 3rd period - Shot by Travis Zajac.
1:50 of 3rd period - Stopped by Josh Harding without a rebound.
1:51 of 3rd period - Pierre-Marc Bouchard wins face-off versus Maxime Talbot in Wild zone.
2:19 of 3rd period - Shot by Pierre-Marc Bouchard.
2:19 of 3rd period - Stopped by Jaroslav Halak without a rebound.
2:20 of 3rd period - Travis Zajac wins face-off versus Mikko Koivu in Lightning zone.
2:36 of 3rd period - Shot by Mikko Koivu.
2:36 of 3rd period - Stopped by Jaroslav Halak without a rebound.
2:37 of 3rd period - Jesse Winchester wins face-off versus Henrik Sedin in Lightning zone.
2:37 of 3rd period - Jesse Winchester is hit by Erik Gudbranson.
3:03 of 3rd period - Shot by Patrick Kane.
3:03 of 3rd period - Deflect By Henrik Sedin.
3:03 of 3rd period - Shot Misses the Net.
3:05 of 3rd period - Shot by Patrick Kane.
3:05 of 3rd period - Stopped by Josh Harding without a rebound.
3:06 of 3rd period - Mikko Koivu wins face-off versus Travis Zajac in Wild zone.
3:21 of 3rd period - Shot by Mark Streit.
3:21 of 3rd period - Shot Misses the Net.
3:23 of 3rd period - Shot by Fedor Tyutin.
3:23 of 3rd period - Shot Misses the Net.
3:25 of 3rd period - Shot by Fedor Tyutin.
3:25 of 3rd period - Shot Blocked by Andrej Sekera.
3:27 of 3rd period - Shot by Mark Streit.
3:27 of 3rd period - Shot Misses the Net.
3:37 of 3rd period - Shot by Mikko Koivu.
3:37 of 3rd period - Stopped by Jaroslav Halak without a rebound.
3:38 of 3rd period - Jesse Winchester wins face-off versus Henrik Sedin in Lightning zone.
3:49 of 3rd period - Shot by Milan Michalek.
3:49 of 3rd period - Stopped by Jaroslav Halak with a rebound.
3:51 of 3rd period - Shot by Dennis Wideman.
3:51 of 3rd period - Stopped by Jaroslav Halak with a rebound.
3:53 of 3rd period - Shot by Milan Michalek.
3:53 of 3rd period - Stopped by Jaroslav Halak without a rebound.
3:54 of 3rd period - Pierre-Marc Bouchard wins face-off versus Maxime Talbot in Lightning zone.
4:09 of 3rd period - Shot by Pierre-Marc Bouchard.
4:09 of 3rd period - Stopped by Jaroslav Halak without a rebound.
4:10 of 3rd period - Mikko Koivu wins face-off versus Henrik Sedin in Lightning zone.
4:17 of 3rd period - Shot by Marian Gaborik.
4:17 of 3rd period - Shot Misses the Net.
4:19 of 3rd period - Shot by Marian Gaborik.
4:19 of 3rd period - Deflect By Mikko Koivu.
4:19 of 3rd period - Shot Misses the Net.
4:21 of 3rd period - Shot by Mikko Koivu.
4:21 of 3rd period - Stopped by Jaroslav Halak without a rebound.
4:22 of 3rd period - Milan Michalek wins face-off versus Travis Zajac in Lightning zone.
4:29 of 3rd period - Shot by Jesse Winchester.
4:29 of 3rd period - Shot Hit the Post.
4:31 of 3rd period - Shot by Jesse Winchester.
4:31 of 3rd period - Shot Misses the Net.
4:33 of 3rd period - Shot by Jesse Winchester.
4:33 of 3rd period - Shot Misses the Net.
4:35 of 3rd period - Shot by Michael Stone.
4:35 of 3rd period - Shot Misses the Net.
4:37 of 3rd period - Shot by Michael Stone.
4:37 of 3rd period - Shot Misses the Net.
4:43 of 3rd period - Shot by Michael Ryder.
4:43 of 3rd period - Shot Misses the Net.
4:49 of 3rd period - Shot by Milan Michalek.
4:49 of 3rd period - Shot Misses the Net.
4:51 of 3rd period - Shot by Michael Ryder.
4:51 of 3rd period - Deflect By Jesse Winchester.
4:51 of 3rd period - Stopped by Jaroslav Halak without a rebound.
4:52 of 3rd period - Curtis Glencross wins face-off versus Daniel Alfredsson in Lightning zone.
5:00 of 3rd period - Icing by Patrick Kane.
5:01 of 3rd period - Henrik Sedin wins face-off versus Mikko Koivu in Lightning zone.
5:01 of 3rd period - Henrik Sedin is hit by Daniel Alfredsson.
5:09 of 3rd period - Shot by Mikko Koivu.
5:09 of 3rd period - Shot Misses the Net.
5:52 of 3rd period - Minor Penalty to Jesse Winchester for Hooking.
5:53 of 3rd period - Mikko Koivu wins face-off versus Travis Zajac in Wild zone.
5:58 of 3rd period - Shot by Andrej Meszaros.
5:58 of 3rd period - Shot Misses the Net.
6:00 of 3rd period - Shot by Troy Brouwer.
6:00 of 3rd period - Shot Blocked by Dennis Wideman.
6:00 of 3rd period - Dennis Wideman from Wild is injured at 6:00 of 3rd period (Bruised Left Leg).
6:01 of 3rd period - Travis Zajac wins face-off versus Mikko Koivu in Wild zone.
6:01 of 3rd period - Erik Gudbranson is hit by Rostislav Klesla and loses puck.
6:14 of 3rd period - Shot by Travis Zajac.
6:14 of 3rd period - Stopped by Josh Harding without a rebound.
6:15 of 3rd period - Travis Zajac wins face-off versus Mikko Koivu in Wild zone.
6:56 of 3rd period - Shot by Brent Seabrook.
6:56 of 3rd period - Shot Misses the Net.
7:40 of 3rd period - Shot by Erik Gudbranson.
7:40 of 3rd period - Stopped by Josh Harding without a rebound.
7:41 of 3rd period - Mikko Koivu wins face-off versus Travis Zajac in Wild zone.
7:50 of 3rd period - Michael Stone is hit by Troy Brouwer.
8:22 of 3rd period - Shot by Cam Atkinson.
8:22 of 3rd period - Shot Blocked by Rob Scuderi.
8:24 of 3rd period - Shot by Andre Benoit.
8:24 of 3rd period - Shot Misses the Net.
8:26 of 3rd period - Shot by Andre Benoit.
8:26 of 3rd period - Shot Misses the Net.
8:34 of 3rd period - Shot by Teddy Purcell.
8:34 of 3rd period - Stopped by Josh Harding without a rebound.
8:35 of 3rd period - Jesse Winchester wins face-off versus Henrik Sedin in Wild zone.
8:52 of 3rd period - Shot by Patrick Kane.
8:52 of 3rd period - Shot Misses the Net.
8:58 of 3rd period - Shot by Patrick Kane.
8:58 of 3rd period - Deflect By Curtis Glencross.
8:58 of 3rd period - Stopped by Josh Harding without a rebound.
8:59 of 3rd period - Mikko Koivu wins face-off versus Travis Zajac in Wild zone.
9:15 of 3rd period - Icing by Olli Maatta.
9:16 of 3rd period - Henrik Sedin wins face-off versus Mikko Koivu in Wild zone.
9:16 of 3rd period - Minor Penalty to Curtis Glencross for Interference.
9:16 of 3rd period - Minor Penalty to Michael Stone for Interference.
9:17 of 3rd period - Mikko Koivu wins face-off versus Maxime Talbot in Wild zone.
10:41 of 3rd period - Henrik Sedin is hit by Milan Michalek and loses puck.
10:45 of 3rd period - Erik Gudbranson is hit by Rostislav Klesla and loses puck.
11:19 of 3rd period - Icing by Erik Cole.
11:20 of 3rd period - Nick Spaling wins face-off versus Pierre-Marc Bouchard in Wild zone.
11:20 of 3rd period - Andre Benoit is hit by Michael Stone and loses puck.
11:25 of 3rd period - Shot by Nick Spaling.
11:25 of 3rd period - Shot Blocked by Rob Scuderi.
11:27 of 3rd period - Shot by Nick Spaling.
11:27 of 3rd period - Shot Misses the Net.
11:29 of 3rd period - Shot by Nick Spaling.
11:29 of 3rd period - Deflect By Eric Fehr.
11:29 of 3rd period - Shot Hit the Post.
11:32 of 3rd period - Eric Fehr is hit by Rob Scuderi and loses puck.
12:22 of 3rd period - Fedor Tyutin is hit by Jason Chimera.
13:24 of 3rd period - Shot by Maxime Talbot.
13:24 of 3rd period - Deflect By Cam Atkinson.
13:24 of 3rd period - Stopped by Josh Harding without a rebound.
13:25 of 3rd period - Curtis Glencross wins face-off versus Jesse Winchester in Wild zone.
13:43 of 3rd period - Icing by Michael Ryder.
13:44 of 3rd period - Curtis Glencross wins face-off versus Jesse Winchester in Wild zone.
14:07 of 3rd period - Shot by Jesse Winchester.
14:07 of 3rd period - Shot Misses the Net.
14:32 of 3rd period - Teddy Purcell is hit by Rostislav Klesla and loses puck.
14:35 of 3rd period - Shot by Teddy Purcell.
14:35 of 3rd period - Shot Misses the Net.
14:37 of 3rd period - Shot by Scott Hannan.
14:37 of 3rd period - Shot Misses the Net.
14:59 of 3rd period - Shot by Michael Stone.
14:59 of 3rd period - Shot Blocked by Andrej Meszaros.
15:03 of 3rd period - Shot by Erik Cole.
15:03 of 3rd period - Goal by Erik Cole - Wild : 2 - Lightning : 2.
15:04 of 3rd period - Travis Zajac wins face-off versus Mikko Koivu in neutral zone.
15:19 of 3rd period - Shot by Travis Zajac.
15:19 of 3rd period - Goal by Travis Zajac - Wild : 2 - Lightning : 3.
15:20 of 3rd period - Chris Conner wins face-off versus Nick Spaling in neutral zone.
16:24 of 3rd period - Shot by Henrik Sedin.
16:24 of 3rd period - Stopped by Josh Harding without a rebound.
16:25 of 3rd period - Jesse Winchester wins face-off versus Cam Atkinson in Wild zone.
16:25 of 3rd period - Olli Maatta is hit by Maxime Talbot and loses puck.
16:44 of 3rd period - Shot by Andrej Meszaros.
16:44 of 3rd period - Shot Blocked by Olli Maatta.
16:46 of 3rd period - Shot by Andrej Meszaros.
16:46 of 3rd period - Goal by Andrej Meszaros - Wild : 2 - Lightning : 4.
16:47 of 3rd period - Mikko Koivu wins face-off versus Henrik Sedin in neutral zone.
16:53 of 3rd period - Off-side.
16:54 of 3rd period - Mikko Koivu wins face-off versus Henrik Sedin in neutral zone.
16:54 of 3rd period - Mikko Koivu is hit by Curtis Glencross.
17:25 of 3rd period - Minor Penalty to Erik Gudbranson for High sticking.
17:26 of 3rd period - Travis Zajac wins face-off versus Jesse Winchester in Lightning zone.
18:19 of 3rd period - Icing by Daniel Alfredsson.
18:20 of 3rd period - Nick Spaling wins face-off versus Mikko Koivu in Wild zone.
18:24 of 3rd period - Icing by Fedor Tyutin.
18:25 of 3rd period - Travis Zajac wins face-off versus Mikko Koivu in Wild zone.
18:54 of 3rd period - Shot by Fedor Tyutin.
18:54 of 3rd period - Stopped by Jaroslav Halak without a rebound.
18:55 of 3rd period - Nick Spaling wins face-off versus Jesse Winchester in Lightning zone.
19:04 of 3rd period - Shot by Olli Maatta.
19:04 of 3rd period - Shot Blocked by Andrej Sekera.
19:06 of 3rd period - Shot by Michael Ryder.
19:06 of 3rd period - Stopped by Jaroslav Halak without a rebound.
19:07 of 3rd period - Travis Zajac wins face-off versus Mikko Koivu in Lightning zone.
19:09 of 3rd period - Andrej Sekera is hit by Mikko Koivu and loses puck.
19:22 of 3rd period - Shot by Marian Gaborik.
19:22 of 3rd period - Stopped by Jaroslav Halak without a rebound.
19:23 of 3rd period - Troy Brouwer wins face-off versus Jesse Winchester in Lightning zone.
19:23 of 3rd period - Troy Brouwer is hit by Jesse Winchester.
19:43 of 3rd period - Shot by Erik Cole.
19:43 of 3rd period - Shot Hit the Post.
19:45 of 3rd period - Shot by Rob Scuderi.
19:45 of 3rd period - Shot Blocked by Curtis Glencross.
19:47 of 3rd period - Shot by Chris Conner.
19:47 of 3rd period - Shot Misses the Net.
Goals for this period are 1 for Wild vs 3 for Lightning.
Shots for this period are 13 for Wild vs 11 for Lightning.


Output by the SimonT Hockey Simulator (STHS) for Stephane Roy -- Original Page W3C XHTML 1.0 Valid
Hockey Simulator - Hockey Simulation - Hockey Manager